 Dungeon Crawl Stone Soup version 0.23.2-32-g37ab1d4649 (webtiles) character file.

Game seed: 7473600599104297216

98 Mrkan the Ruffian (level 4, -2/45 HPs)
             Began as a Troll Monk on June 26, 2019.
             Was a Believer of Okawaru.
             Killed by divine providence
             ... invoked by an orc priest
              (11 damage)
             ... on level 4 of the Dungeon.
             The game lasted 00:03:32 (2115 turns).

Mrkan the Ruffian (Troll Monk)                      Turns: 2115, Time: 00:03:32

Health: -2/45      AC:  7    Str: 19    XL:     4   Next: 43%
Magic:  3/3        EV: 10    Int:  7    God:    Okawaru [**....]
Gold:   99         SH:  0    Dex: 12    Spells: 3/3 levels left

rFire    . . .     SeeInvis .     - Unarmed
rCold    . . .     Gourm    +   (no shield)
rNeg     . . .     Faith    .   a - +0 robe
rPois    .         Spirit   .   (helmet restricted)
rElec    .         Reflect  .   r - +0 cloak
rCorr    .         Harm     .   (gloves unavailable)
MR       .....                  (boots unavailable)
Stlth    ++........             (no amulet)
HPRegen  0.55/turn              (no ring)
MPRegen  0.08/turn              (no ring)

@: no status effects
A: large, unfitting armour, claws 3, fast metabolism 3, gourmand, regeneration
1, shaggy fur 1, tough skin 3
a: Heroism, Renounce Religion


You were on level 4 of the Dungeon.
You worshipped Okawaru.
Okawaru was pleased with you.
You were completely stuffed.

You visited 1 branch of the dungeon, and saw 4 of its levels.

You collected 99 gold pieces.

Inventory:

Armour
 a - a +0 robe (worn)
 r - a +0 cloak (worn)
Scrolls
 d - 3 scrolls of fog {unknown}
 e - a scroll of noise {unknown}
 f - a scroll of amnesia {unknown}
 h - a scroll of remove curse {unknown}
 i - 2 scrolls of random uselessness {unknown}
 j - 2 scrolls of teleportation {unknown}
 k - a scroll of identify {unknown}
 l - a scroll of fear {unknown}
 n - a scroll of immolation {unknown}
 p - a scroll of blinking {unknown}
 q - a scroll of enchant armour {unknown}
Potions
 c - 2 potions of lignification {unknown}
 g - a potion of brilliance {unknown}
 m - a potion of curing {unknown}
 o - a potion of invisibility {unknown}
Comestibles
 b - 5 rations


   Skills:
 + Level 3.1 Fighting
 - Level 2.4 Dodging
 - Level 1.0 Stealth
 * Level 4.6 Unarmed Combat


You had 3 spell levels left.
You didn't know any spells.
Your spell library contained the following spells:

 Spells                   Type           Power        Failure   Level  Hunger
 Confusing Touch          Hex            #.....       43%         1    ##.....
 Confuse                  Hex            #.......     80%         3    ####...
 Gell's Gravitas          Tloc           #.........   80%         3    ####...
 Petrify                  Tmut/Erth      #.......     99%         4    #####..
 Metabolic Englaciation   Hex/Ice        #.........   100%        5    ######.
 Yara's Violent Unravell  Hex/Tmut       #.........   100%        5    ######.


Dungeon Overview and Level Annotations

Branches:
Dungeon (4/15)
 Temple: D:4-7

Altars:
Gozag
Makhleb
Okawaru
Sif Muna
Xom
The Shining One


Innate Abilities, Weirdness & Mutations

You are too large for most types of armour.
You have claws for hands.
Your metabolism is lightning-fast.
You like to eat raw meat.
Your natural rate of healing is unusually fast.
You are covered in fur. (AC +1)
You have extremely tough skin. (AC +3)


Message History

The magic dart hits you.
The orc priest mumbles some strange prayers to Beogh against you.
Beogh smites you!
The orc priest looks encouraged for a moment.
You scratch the orc priest.
The orc priest is moderately wounded.
The orc priest mumbles some strange prayers to Beogh against you.
Pain shoots through your body!
* * * LOW HITPOINT WARNING * * *
You claw the orc priest!
The orc priest is severely wounded.
You scratch the orc wizard but do no damage.
You scratch the orc wizard.
The orc wizard is lightly wounded.
You scratch the orc wizard.
The orc wizard is moderately wounded.
The orc wizard hits you but does no damage.
The orc priest invokes the aid of Beogh against you.
Beogh smites you!
You die...

#.......####...####
####..###...รท..........
.......................
#....)...............
#..##..#.####.>.#####
#........# #...#
#.##.oo### #...# #.#o#
#(..# #.#@# ###.
#....o.# ####.### #. .
.. .# #.


You could see 2 orc priests, an orc wizard and an orc.

Vanquished Creatures
  Crazy Yiuf (D:3)
  3 adders
  An ooze (D:2)
  2 dart slugs
  2 leopard geckos
  An orc (D:4)
  2 ball pythons
  A giant cockroach (D:2)
  4 hobgoblins
  3 jackals (D:3)
  4 bats
  6 frilled lizards
  3 kobolds
  4 rats (D:3)
37 creatures vanquished.

Vanquished Creatures (others)
  5 dream sheep (D:3)
5 creatures vanquished.

Grand Total: 42 creatures vanquished

Notes
Turn   | Place    | Note
-------+----------+-------------------------------------------
     0 | D:1      | Mrkan the Troll Monk began the quest for the Orb.
     0 | D:1      | Reached XP level 1. HP: 22/22 MP: 0/0
    14 | D:1      | Found an iron altar of Okawaru.
    25 | D:1      | Became a worshipper of Warmaster Okawaru
    25 | D:1      | Reached * piety under Okawaru
    25 | D:1      | Reached ** piety under Okawaru
   485 | D:2      | Reached XP level 2. HP: 29/29 MP: 1/1
   590 | D:2      | Found a deep blue altar of Sif Muna.
   590 | D:2      | Found a glowing golden altar of the Shining One.
   685 | D:2      | Found an opulent altar of Gozag.
  1178 | D:3      | Reached XP level 3. HP: 32/36 MP: 2/2
  1282 | D:3      | Reached skill level 4 in Unarmed Combat
  1429 | D:3      | Found a runed translucent door.
  1430 | D:3      | Noticed Crazy Yiuf
  1594 | D:3      | Found a burning altar of Makhleb.
  1594 | D:3      | Noticed a blizzard demon
  1778 | D:3      | Noticed a dream sheep
  1778 | D:3      | Noticed a dream sheep
  1778 | D:3      | Noticed a dream sheep
  1778 | D:3      | Noticed a dream sheep
  1778 | D:3      | Noticed a dream sheep
  1778 | D:3      | Found a shimmering altar of Xom.
  1783 | D:3      | Killed a dream sheep
  1784 | D:3      | Killed a dream sheep
  1784 | D:3      | Killed a dream sheep
  1784 | D:3      | Killed a dream sheep
  1784 | D:3      | Killed a dream sheep
  1990 | D:3      | Killed Crazy Yiuf
  1990 | D:3      | Reached XP level 4. HP: 30/45 MP: 3/3
  2115 | D:4      | Killed from afar by an orc priest

Skill      XL: |  1  2  3 |
---------------+----------+-----
Unarmed Combat | 4 |  4.6
Fighting       | 3 |  3.1
Dodging        | |  2.4
Stealth        | |  1.0

Action                   |  1- 3 |  4- 6 || total
-------------------------+-------+-------++-------
Melee: Unarmed           |    74 |    16 ||    90
 Stab: Sleeping          |     4 |       ||     4
  Eat: Chunk             |    21 |     4 ||    25
Armor: Robe              |    25 |     4 ||    29
Dodge: Dodged            |    42 |     8 ||    50
